AoeStats
← DontFuckleWithShuckle

Four Lakes

510121409Analyzed
1v1 RM · 2d ago on Sep 29, 2026· 40m 4s· 2 players
Game mode
Random Map
Map size
Tiny (2 player)
Population
200
Speed
Normal
Resources
Standard
Victory
Conquest
Starting age
Dark Age
Ending age
Imperial Age
RankedLock teamsTeams togetherTeam positionsShared explorationLock speedFull tech treeHidden civsTurbo modeCheats
Victory
Defeat
809
+16
🇮🇹 Burmese · Italy
811
-16
DontFuckleWithShuckle
8:43 Loom
10:56 Feudal Age
13:20 Wheelbarrow
13:40 Double-Bit Axe
15:14 Bloodlines
15:15 Scale Mail Armor
15:22 Scale Barding Armor
15:28 Forging
20:39 Castle Age
18:45 Fishing Lines
23:20 Husbandry
27:02 Bow Saw
27:44 Chain Barding Armor
28:01 Iron Casting
31:46 Gillnets
36:38 Imperial Age
36:46 Cavalier
37:21 Capped Ram
38:22 Vendel Legacy
38:40 Siege Ram
41:09 Plate Barding Armor
ChrisGabriel87
9:51 Feudal Age
17:41 Castle Age
15:38 Loom
17:15 Fletching
26:41 Fervor
32:38 Bodkin Arrow
33:47 Redemption
35:09 Sanctity
39:03 Imperial Age
39:01 Ballistics
Connection lost

Rejoining the realm…

Still unreachable

The connection could not be restored.

Session expired

The server has moved on; the page needs a fresh start.